 Dungeon Crawl Stone Soup version 0.25.1-2-g60ff931df9 (webtiles) character file.

Game seed: 17603023221980686144

388 Merh the Covered (level 7, 0/55 HPs)
             Began as a Human Fighter on Oct 31, 2020.
             Killed from afar by an orc wizard (2 damage)
             ... with a magic dart
             ... on level 4 of the Dungeon.
             The game lasted 00:29:25 (5698 turns).

Merh the Covered (Human Fighter)                    Turns: 5698, Time: 00:29:25

Health: 0/55       AC: 14    Str: 18    XL:     7   Next: 7%
Magic:  7/7        EV:  3    Int:  9    God:
Gold:   112        SH:  9    Dex: 12    Spells: 6/6 levels left

rFire    . . .     SeeInvis .   a - +1 long sword
rCold    . . .     Gourm    .   c - +0 kite shield
rNeg     . . .     Faith    .   z - +0 plate armour
rPois    +         Spirit   .   (no helmet)
rElec    .         Reflect  .   H - +1 cloak {Stlth+}
rCorr    .         Harm     .   (no gloves)
MR       .....                  (no boots)
Stlth    ..........             (no amulet)
HPRegen  0.18/turn              t - ring of poison resistance
MPRegen  0.10/turn              (no ring)

@: no status effects
A: no striking features
a: no special abilities


You were on level 4 of the Dungeon.
You were not hungry.

You visited 1 branch of the dungeon, and saw 4 of its levels.

You collected 112 gold pieces.

Inventory:

Hand Weapons
 a - a +1 long sword (weapon)
 e - a +0 dagger
 k - a +0 short sword
 q - a +0 dagger
 y - a +0 whip
 B - a +0 club
 G - a +4 quarterstaff of chaos
Missiles
 l - 36 stones (quivered)
 n - 48 arrows
 u - 21 bolts
 v - 5 boomerangs
 C - 12 poisoned darts
Armour
 b - a +0 scale mail
 c - a +0 kite shield (worn)
 i - a scarf of repulsion
 z - a +0 plate armour (worn)
 E - a +0 robe
 H - a +1 cloak of stealth (worn)
Jewellery
 j - an uncursed ring of resist corrosion {unknown}
 t - a ring of poison resistance (left hand)
Wands
 p - a wand of random effects (19)
Scrolls
 f - 2 scrolls of amnesia {unknown}
 g - 3 scrolls of teleportation
 m - a scroll of magic mapping
 r - a scroll of enchant armour {unknown}
 s - a scroll of remove curse {unknown}
 w - a scroll of blinking {unknown}
Potions
 d - a potion of might
 h - 3 potions of curing {unknown}
 A - 2 potions of brilliance {unknown}
Comestibles
 o - 2 chunks of flesh


   Skills:
 * Level 4.4 Fighting
 * Level 3.8 Long Blades
 * Level 4.4 Armour
 * Level 4.4 Shields


You had 6 spell levels left.
You didn't know any spells.
Your spell library was empty.

Dungeon Overview and Level Annotations

Branches:
Dungeon (4/15)
 Temple: D:4-7

Altars:
Elyvilon


Message History

You block the orc's attack. Something hits you but does no damage.
The orc priest hits you but does no damage.
The orc hits you.
* * * LOW HITPOINT WARNING * * *
Something hits you but does no damage.
Your shield and plate armour prevent you from hitting the orc priest.
The orc priest is heavily wounded.
The orc priest casts a cantrip, but nothing happens.
The orc hits you.
* * * LOW HITPOINT WARNING * * *
Something hits you.
* * * LOW HITPOINT WARNING * * *
The orc priest looks encouraged for a moment.
You hear some strange, mumbled words.
Something tries to affect you, but you resist.
A magic dart appears from out of thin air!
The magic dart hits you but does no damage.
A magic dart appears from out of thin air!
The magic dart hits you.
You die...

...##. ...# ......#
#..# ## #.....#
#..## ... #..#..#
#..## .. #..#..##
##...###.#
#..##..###o.......#
#.##...#o{##....##
#..#.....#####...#
######.....@###
...# #...#..####..#
#...# #..######.##
..... #.....###..#
.#o...
##..#.......## #.
#..o.
#...####.....##..#
... ##...#
###....#...#
#....###.........##
#..................


You could see an orc priest and an orc.

Vanquished Creatures
  A necrophage (D:3)
  Crazy Yiuf (D:2)
  Jessica (D:2)
  Terence (D:3)
  9 adders
  4 gnolls (D:2)
  3 oozes
  3 worms
  A dart slug (D:3)
  4 leopard geckos
  2 orcs (D:3)
  3 giant cockroaches
  10 goblins
  7 hobgoblins
  6 kobolds
  2 quokkas
  8 bats
  10 frilled lizards
  7 rats
83 creatures vanquished.

Notes
Turn   | Place    | Note
-------+----------+-------------------------------------------
     0 | D:1      | Merh the Human Fighter began the quest for the Orb.
     0 | D:1      | Reached XP level 1. HP: 18/18 MP: 1/1
   285 | D:1      | Reached XP level 2. HP: 18/24 MP: 2/2
  1204 | D:1      | Reached XP level 3. HP: 29/29 MP: 3/3
  2849 | D:2      | Reached XP level 4. HP: 35/35 MP: 4/4
  2849 | D:2      | Noticed Jessica
  2863 | D:2      | Killed Jessica
  3038 | D:2      | Reached XP level 5. HP: 35/42 MP: 5/5
  3562 | D:2      | Found a runed translucent door.
  3563 | D:2      | Noticed Crazy Yiuf
  3570 | D:2      | Killed Crazy Yiuf
  4036 | D:3      | Reached XP level 6. HP: 41/48 MP: 6/6
  4360 | D:3      | Noticed Terence
  4392 | D:3      | Killed Terence
  5007 | D:3      | Found a white marble altar of Elyvilon.
  5064 | D:3      | Noticed a necrophage
  5083 | D:3      | Killed a necrophage
  5083 | D:3      | Reached XP level 7. HP: 47/55 MP: 7/7
  5695 | D:4      | HP: 1/55 [something (2)]
  5698 | D:4      | Killed from afar by an orc wizard

Illustrated notes

Levels and vault maps discovered:
D:1:      kilobyte_arrival_exit_the_forest, layout_basic
D:2:      layout_loops_corners, first_ration, uniq_crazy_yiuf_cottage,
          uniq_jessica
D:3:      layout_basic, lemuel_round_altar, uniq_terence
D:4:      layout_layer_cave, enter_ossuary_2, dk_yredelemnul_ordeal

Skill      XL: |  1  2  3  4  5 |
---------------+----------------+-----
Long Blades    | 3 |  3.8
Shields        | 4 |  4.4
Armour         | 4 |  4.4
Fighting       | 4 |  4.4

Action                   |  1- 3 |  4- 6 |  7- 9 || total
-------------------------+-------+-------+-------++-------
Melee: Long sword        |   161 |   245 |    41 ||   447
  Use: Scroll            |     1 |     3 |       ||     4
       Potion            |     2 |       |       ||     2
  Eat: Ration            |     2 |     1 |       ||     3
       Chunk             |     1 |     3 |     2 ||     6
Armor: Scale mail        |    80 |     1 |       ||    81
       Plate armour      |       |   228 |    44 ||   272
Dodge: Dodged            |    59 |    40 |     7 ||   106
       Repelled          |     4 |       |       ||     4
Block: Kite shield       |    81 |   173 |    19 ||   273
       Rpst.: Long sword |    16 |    11 |       ||    27
